 Dungeon Crawl Stone Soup version 0.31.0-12-g77e489cdc1 (webtiles) character file.

Game seed: 2075645173267823367

24 ChrisAssaf the Ducker (level 3, 0/31 HPs)
             Began as a Gnoll Gladiator on Feb 15, 2024.
             Slain by an adder (2 damage)
             ... on level 3 of the Dungeon.
             The game lasted 00:02:23 (780 turns).

ChrisAssaf the Ducker (Gnoll Gladiator)              Turns: 780, Time: 00:02:24

Health: 0/31       AC:  4    Str: 13    XL:     3   Next: 2%
Magic:  3/3        EV: 14    Int:  9    God:
Gold:   129        SH:  0    Dex: 13    Spells: 0/3 levels left

rFire   . . .        a - +0 quarterstaff
rCold   . . .        (shield currently unavailable)
rNeg    . . .        b - +0 leather armour
rPois   .            c - +0 helmet
rElec   .            (no cloak)
rCorr   .            (no gloves)
SInv    .            (no boots)
Will    .....        (no amulet)
Stlth   +            (no ring)
HPRegen 0.25/turn    (no ring)
MPRegen 0.08/turn

%: no passive effects
@: lethally poisoned (0 -> -3)
A: fangs 1, strong nose, distributed training
a: no special abilities


You were on level 3 of the Dungeon.
You visited 1 branch of the dungeon, and saw 3 of its levels.

You collected 129 gold pieces.

Inventory:

Hand Weapons
 a - a +0 quarterstaff (weapon)
Missiles
 d - 4 throwing nets
 f - 2 datura-tipped darts (quivered)
Armour
 b - a +0 leather armour (worn)
 c - a +0 helmet (worn)
Potions
 e - a potion of berserk rage {unknown}
 g - a potion of mutation {unknown}
 h - 2 potions of might
 i - a potion of ambrosia {unknown}
 j - a potion of brilliance {unknown}


   Skills:
 + Level 4.5 Fighting
 + Level 0.6 Short Blades
 + Level 0.6 Long Blades
 + Level 0.6 Axes
 + Level 0.6 Maces & Flails
 + Level 0.6 Polearms
 + Level 6.5 Staves
 + Level 0.6 Ranged Weapons
 + Level 4.5 Throwing
 + Level 0.6 Armour
 + Level 6.5 Dodging
 + Level 0.6 Stealth
 + Level 0.6 Shields
 + Level 0.6 Unarmed Combat
 + Level 0.6 Spellcasting
 + Level 0.4 Conjurations
 + Level 0.4 Hexes
 + Level 0.4 Summonings
 + Level 0.4 Necromancy
 + Level 0.4 Translocations
 + Level 0.4 Fire Magic
 + Level 0.4 Ice Magic
 + Level 0.4 Air Magic
 + Level 0.4 Earth Magic
 + Level 0.4 Alchemy
 + Level 0.8 Invocations
 + Level 0.6 Evocations
 + Level 0.5 Shapeshifting


You couldn't memorise any spells.
You knew the following spells:

 Your Spells              Type           Power      Damage    Failure   Level
a - Call Canine Familiar  Summ           1%         N/A       77%         3

Your spell library contained the following spells:

 Spells                   Type           Power      Damage    Failure   Level
 Slow                     Hex            4%         N/A       38%         1
 Ensorcelled Hibernation  Hex/Ice        2%         N/A       52%         2
 Confusing Touch          Hex            1%         N/A       77%         3
 Fugue of the Fallen      Necr           1%         N/A       77%         3
 Sigil of Binding         Hex            1%         N/A       77%         3
 Vampiric Draining        Necr           1%         2d6       77%         3
 Anguish                  Hex/Necr       0%         N/A       99%         4
 Dimensional Bullseye     Hex/Tloc       0%         N/A       99%         4


Dungeon Overview and Level Annotations

Branches:
Dungeon (3/15)

Altars:
Okawaru


Innate Abilities, Weirdness & Mutations

You have very sharp teeth.
Your uncanny sense of smell can sniff out nearby items.
Your experience applies equally to all skills.


Message History

The adder attacks as it pursues you! The adder barely misses you.
The adder bites you but does no damage.
The adder's inner flame fades away.
The adder barely misses you. The adder attacks as it pursues you!
The adder bites you. The adder attacks as it pursues you!
The adder closely misses you.
You barely miss the adder. The adder bites you.
You are poisoned.
The adder poisons you!
You miss the adder.
You feel sick. The adder misses you.
You closely miss the adder.
You feel sick. The adder barely misses you. The adder bites you.
You hit the adder but do no damage.
You feel sick. The adder bites you.
You barely miss the adder.
You feel sick.
You are no longer poisoned.
The adder bites you but does no damage.
You closely miss the adder. The adder bites you.
You sock the adder!
The adder is severely wounded.
The adder bites you.
You are poisoned.
The adder poisons you! The adder bites you but does no damage.
You closely miss the adder.
The adder is severely wounded.
You feel sick. The adder closely misses you.
You closely miss the adder.
The adder is severely wounded.
You feel sick. The adder bites you.
* * * LOW HITPOINT WARNING * * *
You are more poisoned.
The adder poisons you!
You completely miss the adder.
The adder is severely wounded.
* * * LOW HITPOINT WARNING * * *
You feel sick. The adder bites you but does no damage. The adder bites you.
* * * LOW HITPOINT WARNING * * *
You closely miss the adder. Your bite misses the adder.
The adder is severely wounded.
* * * LOW HITPOINT WARNING * * *
You feel sick. The adder bites you.
You die...

#..###.##### #..#
.. #..# ##. #..# ##
###########..######
#..................
#...........#######
#..........S.......
#..........@####...
#.......[.....###
#..........##...#
#..........####.#
#..........# .#
########.### . #.#
.. #.# .# #.# ..


You could see an adder.

Vanquished Creatures
  A ribbon worm (D:2)
  3 bats
  An endoplasm (D:2)
  A giant cockroach (D:2)
  2 goblins (D:2)
  2 hobgoblins (D:2)
  3 jackals (D:1)
  A quokka (D:2)
  A ball python (D:2)
  3 frilled lizards
  A kobold (D:1)
19 creatures vanquished.

Notes
Turn   | Place    | Note
-------+----------+-------------------------------------------
     0 | D:1      | ChrisAssaf the Gnoll Gladiator began the quest for the Orb.
     0 | D:1      | Reached XP level 1. HP: 20/20 MP: 1/1
   278 | D:1      | Reached XP level 2. HP: 26/26 MP: 2/2
   506 | D:2      | Found an iron altar of Okawaru.
   634 | D:2      | Reached XP level 3. HP: 31/31 MP: 3/3
   638 | D:2      | Learned a level 3 spell: Call Canine Familiar
   780 | D:3      | Slain by an adder

Illustrated notes

Levels and vault maps discovered:
D:1:      dpeg_arrival_three_same_balls, layout_loops_cross, serial_bayou,
          serial_bayou_ford_a, serial_bayou_shore_b, serial_bayou_lake_a,
          serial_bayou_shore_a
D:2:      layout_loops_ring, basic_altar, minmay_pentomino_q2, uniq_terence
D:3:      layout_basic, ebering_ecumenical_altar_mist, uniq_robin

Action                     || total
---------------------------++-------
  Melee: Quarterstaff      ||    59
         Bite              ||     4
  Throw: Javelin           ||     2
    Use: Scroll            ||     4
 Armour: Leather armour    ||    37
  Dodge: Dodged            ||    51
